 Dungeon Crawl Stone Soup version 0.29.0-4-gdea44cf6ec (webtiles) character file.

Game seed: 17754664285937542850

37 qw the Chopper (level 3, -3/21 HPs)
             Began as a Tengu Warper on Aug 28, 2022.
             Succumbed to a goblin's poison
             ... on level 2 of the Dungeon.
             The game lasted 00:00:06 (1148 turns).

qw the Chopper (Tengu Warper)                       Turns: 1148, Time: 00:00:06

Health: -3/21      AC: 10    Str: 13    XL:     3   Next: 41%
Magic:  7/7        EV:  3    Int: 13    God:
Gold:   150        SH:  0    Dex: 13    Spells: 6/6 levels left

rFire   . . .      SeeInvis .   Y - +0 hand axe
rCold   . . .      Faith    .   (no shield)
rNeg    . . .      Spirit   .   d - +0 plate armour
rPois   .          Reflect  .   (helmet restricted)
rElec   .          Harm     .   (no cloak)
rCorr   .          Rampage  .   (no gloves)
Will    .....                   (boots unavailable)
Stlth   ..........              (no amulet)
HPRegen 0.07/turn               (no ring)
MPRegen 0.10/turn               (no ring)

@: lethally poisoned (-3 -> -23)
A: beak, talons 3
a: no special abilities


You were on level 2 of the Dungeon.
You visited 1 branch of the dungeon, and saw 2 of its levels.

You collected 150 gold pieces.


Innate Abilities, Weirdness & Mutations

You have a beak for a mouth.
You have claws for feet.


   Skills:
 - Level 2.0 Fighting
 - Level 4.1 Axes
 - Level 1.0 Throwing
 + Level 1.1 Armour
 - Level 2.1 Dodging
 - Level 2.0 Spellcasting
 - Level 2.4 Translocations


You had 6 spell levels left.
You didn't know any spells.
Your spell library contained the following spells:

 Spells                   Type           Power      Damage    Failure   Level
 Blink                    Tloc           14%        N/A       100%        2
 Gell's Gravitas          Tloc           7%         N/A       100%        3
 Lesser Beckoning         Tloc           7%         N/A       100%        3
 Teleport Other           Tloc           7%         N/A       100%        3
 Manifold Assault         Tloc           7%         N/A       100%        5

Inventory:

Hand Weapons
 a - a +2 flail of holy wrath
 Y - a +0 hand axe (weapon)
Armour
 d - a +0 plate armour (worn)
Scrolls
 b - a scroll of vulnerability {unknown}
Potions
 g - a potion of heal wounds {unknown}
 h - a potion of flight {unknown}
 i - 2 potions of might {unknown}
 j - a potion of curing {unknown}

Dungeon Overview and Level Annotations

Branches:
Dungeon (2/15)

Altars:

Shops:
D:1 :([(=


Message History

A rat comes into view.
You barely miss the rat. Your kick misses the rat.
You peck the rat, but do no damage. The rat bites you but does no damage.
You hit the rat.
You kill the rat!
You see here a rat corpse.
Found a chain mail.
You see here a +0 chain mail.
There is a stone staircase leading down here.
The goblin shouts!
Enter note: You barely miss the goblin.
The goblin hits you but does no damage.
You are poisoned.
You completely miss the goblin.
You feel sick. The goblin completely misses you.
You hit the goblin but do no damage. You claw the goblin, but do no damage.
You peck the goblin, but do no damage.
You feel sick. The goblin hits you but does no damage.
You closely miss the goblin.
You feel sick.
The goblin hits you with a +1 dagger of venom.
You hit the goblin but do no damage.
You feel sick. The goblin hits you but does no damage.
You are more poisoned.
You completely miss the goblin. Your peck misses the goblin.
You feel sick. The goblin hits you but does no damage.
You are lethally poisoned!
The goblin hits you but does no damage.
You are more poisoned.
You hit the goblin but do no damage.
You feel very sick. The goblin hits you but does no damage.
You are more poisoned.
You hit the goblin.
You kill the goblin!
You feel very sick.
There is a lethal amount of poison in your body!
You die...

..#.##.#...##.# ##.#.##
###.##.....# ###.# #.#.#
......##...# ...# #.#.#
......##...# #..# #.#.#
###...##.(.# #..# #.#.#
#...##...# #..# #.#.#
###.##########..###.#.#%#
#####.....#...##.)....#.#.#
......###.#.#.##@######.#.#####
........#.#.#.##.....>........#
......#.#.#.#.#########.#.###.#
..........#.............#.# #.#
......#.#####.#######.....###.#
......#.# #...# ..##.###.....#
......#.# #.### #.##...###.###
......#.# #.###.##.####%#...#
.......(# #.#...#.......#.###


There were no monsters in sight!

Vanquished Creatures
  2 adders (D:2)
  2 endoplasms
  A giant cockroach (D:1)
  4 goblins
  A hobgoblin (D:2)
  2 quokkas (D:1)
  2 ball pythons
  A bat (D:1)
  6 rats
21 creatures vanquished.

Notes
Turn   | Place    | Note
-------+----------+-------------------------------------------
     0 | D:1      | qw the Tengu Warper began the quest for the Orb.
     0 | D:1      | Reached XP level 1. HP: 12/12 MP: 4/4
     0 | D:1      | 0 ||| qw: Version: 0.1-a-89-g26bdef1
     0 | D:1      | 0 ||| qw: Game counter: 2750
     0 | D:1      | 0 ||| qw: Always use a shield: true
     0 | D:1      | 0 ||| qw: God list: Okawaru
     0 | D:1      | 0 ||| qw: Allow faded altars: false
     0 | D:1      | 0 ||| qw: Do Orc after D:15 true
     0 | D:1      | 0 ||| qw: Do second Lair branch before Depths: true
     0 | D:1      | 0 ||| qw: Lair rune preference: random
     0 | D:1      | 0 ||| qw: Plans: Normal
     0 | D:1      | 0 ||| PLANNING D:1-11
   149 | D:1      | Found Mam Geuxt's Antique Weapon Emporium.
   150 | D:1      | Found Nureawno's Armour Emporium.
   161 | D:1      | 161 ||| SHOPLISTING +0 chain mail (45 gold, have 0).
   161 | D:1      | 161 ||| SHOPLISTING +0 ring mail (40 gold, have 0).
   161 | D:1      | 161 ||| SHOPLISTING +2 gold dragon scales (920 gold, have
                  | 0).
   161 | D:1      | 161 ||| SHOPLISTING +2 leather armour of willpower (190
                  | gold, have 0).
   161 | D:1      | 161 ||| SHOPLISTING +2 scale mail "Put-Me-On" {rC+ rN+
                  | rCorr Str-4} (294 gold, have 0).
   173 | D:1      | Reached XP level 2. HP: 9/17 MP: 6/6
   326 | D:1      | Found a faded altar of an unknown god.
   350 | D:1      | Reached skill level 3 in Axes
   428 | D:1      | Found Xaem's Jewellery Shoppe.
   462 | D:1      | 462 ||| SHOPLISTING +4 ring of slaying (858 gold, have 84).
   462 | D:1      | 462 ||| SHOPLISTING amulet of guardian spirit (330 gold,
                  | have 84).
   462 | D:1      | 462 ||| SHOPLISTING amulet of reflection (330 gold, have
                  | 84).
   462 | D:1      | 462 ||| SHOPLISTING ring "Biathreci" {Fly rElec SInv
                  | Stlth+} (423 gold, have 84).
   462 | D:1      | 462 ||| SHOPLISTING ring of Qetef {rF+ Int+6 Dex+3 Stlth+}
                  | (650 gold, have 84).
   462 | D:1      | 462 ||| SHOPLISTING ring of poison resistance (220 gold,
                  | have 84).
   514 | D:1      | Found Weanot's Weapon Shoppe.
   523 | D:1      | 523 ||| SHOPLISTING +1 mace of draining (161 gold, have
                  | 121).
   660 | D:1      | Found Zycan's Book Emporium.
   742 | D:1      | 742 ||| UPGRADING to +0 plate armour.
   752 | D:1      | 752 ||| DROPPING +0 leather armour.
   753 | D:1      | 753 ||| READING scroll labelled NUDWAZX JIAWE.
   753 | D:1      | Identified a scroll of acquirement
   753 | D:1      | 753 ||| ACQUIRING +2 flail of holy wrath
   753 | D:1      | Acquired a +2 flail of holy wrath
   755 | D:1      | 755 ||| DROPPING +1 whip of pain.
   756 | D:1      | 756 ||| DROPPING scroll of blinking.
   961 | D:2      | Reached XP level 3. HP: 19/21 MP: 7/7
  1029 | D:2      | Reached skill level 4 in Axes
  1047 | D:2      | 1047 ||| Stepping ~*~*~tactically~*~*~ (stealth).
  1147 | D:2      | HP: 2/21 [poisoned by a goblin]
  1148 | D:2      | Succumbed to a goblin's poison

Levels and vault maps discovered:
D:1:      erik_arrival_blinker_ship, layout_basic,
          hellmonk_ecumenical_altar_lost_god, serial_shops, shop_fountains,
          nicolae_shop_crystal, shop_coins, shop, shop
D:2:      layout_basic, uniq_terence, uniq_jessica

Skill      XL: |  1  2  3 |
---------------+----------+-----
Axes           | 3 4 |  4.1
Fighting       | |  2.0
Throwing       | |  1.0
Armour         | |  1.1
Dodging        | |  2.1
Spellcasting   | |  2.0
Translocations | |  2.4

Action                   || total
-------------------------++-------
Melee: Hand axe          ||    43
       Peck              ||     8
       Kick              ||     8
Throw: Boomerang         ||     7
  Use: Scroll            ||     1
Armor: Leather armour    ||     4
       Plate armour      ||    18
Dodge: Dodged            ||    14

Table legend:
 A = Non-vault XP
 B = Vault XP
 C = Vault XP percentage of total XP
 D = Non-vault monster count
 E = Vault monster count
 F = Vault count percentage of total count
                 A         B        C        D         E       F
            +---------+---------+-------+---------+---------+-------
      Total |      54 |       0 |   0.0 |      21 |       0 |   0.0
            +---------+---------+-------+---------+---------+-------
        D:1 |      17 |       0 |   0.0 |      11 |       0 |   0.0
        D:2 |      37 |       0 |   0.0 |      10 |       0 |   0.0
            +---------+---------+-------+---------+---------+-------
